 Dungeon Crawl Stone Soup version 0.22-a0-136-g83a10e5 (webtiles) character file.

39 Lathuz the Digger (level 3, -7/19 HPs)
             Began as a Gargoyle Earth Elementalist on Feb 4, 2018.
             Mangled by a centaur
             ... wielding a +0 hand axe
              (9 damage)
             ... on level 2 of the Dungeon.
             The game lasted 00:05:12 (1882 turns).

Lathuz the Digger (Gargoyle Earth Elementalist)     Turns: 1882, Time: 00:05:12

Health: -7/19      AC:  5    Str: 11    XL:     3   Next: 47%
Magic:  7/7        EV: 12    Int: 16    God:
Gold:   65         SH:  0    Dex: 10    Spells: 4/8 levels left

rFire    . . .     SeeInvis .   i - +0 hunting sling
rCold    . . .     Gourm    .   (no shield)
rNeg     + . .     Faith    .   b - +0 robe
rPois    ∞         Spirit   .   (no helmet)
rElec    +         Reflect  .   (no cloak)
rCorr    .         Harm     .   (no gloves)
MR       .....                  (no boots)
Stlth    ++........             (no amulet)
HPRegen  0.06/turn              (no ring)
MPRegen  0.10/turn              (no ring)

@: no status effects
A: negative energy resistance 1, electricity resistance, unbreathing,
petrification resistance, rot immunity, AC +3
a: no special abilities


You were on level 2 of the Dungeon.
You were hungry.

You visited 1 branch of the dungeon, and saw 2 of its levels.

You collected 65 gold pieces.

Inventory:

Hand Weapons
 f - a +0 dagger
 i - a +0 hunting sling (weapon)
Missiles
 g - 16 stones
 l - 13 sling bullets (quivered)
Armour
 b - a +0 robe (worn)
 k - a +1 scale mail of positive energy
Scrolls
 c - a scroll of identify {unknown}
 h - a scroll of enchant weapon {unknown}
Potions
 a - a potion of ambrosia {unknown}
 j - a potion of heal wounds {unknown}
Books
 e - a book of Geomancy

   Spells                             Type                      Level
   a - Sandblast                      Earth                        1
   b - Passwall                       Transmutation/Earth          2
   c - Stone Arrow                    Conjuration/Earth            3
   d - Petrify                        Transmutation/Earth          4
   e - Lee's Rapid Deconstruction     Earth                        5
Comestibles
 d - 3 rations


   Skills:
 - Level 1.5 Dodging
 - Level 2.1 Stealth
 * Level 3.1 Spellcasting
   Level 0.7 Transmutations
 + Level 4.2 Earth Magic


You had 4 spell levels left.
You knew the following spells:

 Your Spells              Type           Power        Failure   Level  Hunger
a - Sandblast             Erth           ###...       3%          1    None
b - Stone Arrow           Conj/Erth      #.....       22%         3    ###....


Dungeon Overview and Level Annotations

Branches:
Dungeon (2/15)

Altars:


Innate Abilities, Weirdness & Mutations

You are resistant to torment.
Your stone body is resilient. (AC +3)
You are immune to poison.
You resist negative energy. (rN+)
You are resistant to electric shocks. (rElec)
You can survive without breathing.
You are immune to petrification.
You are immune to rotting.


Message History

The centaur is too close now for your liking.
Firing (i - inventory. (/) - cycle)
l - 13 sling bullets (quivered)
Press: ? - help, Shift-Dir - straight line, f - centaur
Aim: a centaur, wielding a shortbow (hasn't noticed you)
Okay, then.
The centaur shouts!
The centaur shoots an arrow.
The arrow barely misses you.
You see here an arrow.
The centaur shoots an arrow.
The arrow hits you!
The centaur shoots an arrow.
The arrow hits you!
Ouch! That really hurt!
* * * LOW HITPOINT WARNING * * *
You see here 2 arrows.
You see here an arrow.
The centaur shoots an arrow.
The arrow hits you but does no damage.
You see here an arrow.
The centaur unwields an uncursed shortbow.
The centaur wields an uncursed hand axe.
The centaur hits you with an uncursed hand axe!
You die...

############ ##.c@(......#
#############..########.#
#)...........#.###### #.#
............###.....###.#####
#.########.##
##c.c.........##### #
#..###.###(.............
#...#.......##.###.#####
####..####.........# #..#
.....#.#.#.#


You could see a centaur.

Vanquished Creatures
  An ooze (D:2)
  2 dart slugs (D:1)
  A giant cockroach (D:1)
  2 goblins
  A hobgoblin (D:1)
  8 jackals
  4 kobolds
  6 bats
  4 rats
29 creatures vanquished.

Notes
Turn   | Place    | Note
-------+----------+-------------------------------------------
     0 | D:1      | Lathuz the Gargoyle Earth Elementalist began the quest for the Orb.
     0 | D:1      | Reached XP level 1. HP: 10/10 MP: 3/3
   166 | D:1      | Reached XP level 2. HP: 15/15 MP: 0/5
   369 | D:1      | Reached skill level 4 in Earth Magic
   783 | D:1      | Reached XP level 3. HP: 19/19 MP: 7/7
   888 | D:1      | Learned a level 3 spell: Stone Arrow
  1561 | D:2      | Noticed a centaur
  1882 | D:2      | Mangled by a centaur

Vault maps used:
D:1:      lemuel_arrival_rhombus, minmay_pentomino_p2

Skill      XL: |  1  2  3 |
---------------+----------+-----
Earth Magic    | 4 |  4.2
Spellcasting   | 3 |  3.1
Dodging        | |  1.5
Stealth        | |  2.1
Transmutations | |  0.7

Action                   || total
-------------------------++-------
Melee: Dagger            ||    43
 Cast: Sandblast         ||    31
       Stone Arrow       ||     4
 Stab: Sleeping          ||     1
  Eat: Chunk             ||     3
Armor: Robe              ||    12
       Skin              ||     7
       Scale mail        ||     1
Dodge: Dodged            ||    40

Table legend:
 A = Spawn XP
 B = Non-spawn XP
 C = Spawn XP percentage of total XP
 D = Spawn monster count
 E = Non-spawn monster count
 F = Spawn count percentage of total count
 G = Total turns spent on level
                    A         B        C        D         E        F      G
               +---------+---------+-------+---------+---------+-------+---------
         Total |       0 |      57 |   0.0 |       0 |      29 |   0.0 |  1882
               +---------+---------+-------+---------+---------+-------+---------
           D:1 |       0 |      38 |   0.0 |       0 |      21 |   0.0 |  1416
           D:2 |       0 |      19 |   0.0 |       0 |       8 |   0.0 |   466
               +---------+---------+-------+---------+---------+-------+---------
